| TOP OF THE 1ST |
|
Beloit Snappers batting - Pitching for Quad Cities River Bandits : RHP Ricardo Acosta
|
|
Pitching: RHP Ricardo Acosta
|
|
|
Batting: RHB Manny Moron
|
0-0: Ball 1-0: Ball 2-0: Foul Ball, location: 2F 2-1: Ball 3-1: Base on Balls
|
|
Batting: RHB Moses Brokken
|
0-0: Fielders Choice at 2nd, 4-6 (Groundball, 4, EV 83.8 MPH)
|
|
Batting: LHB Nate Melendez
|
0-0: Called Strike Moses Brokken steals 2nd base (no throw) 0-1: Called Strike 0-2: Strikes out looking
|
|
Batting: RHB Rafael Alarcon
|
0-0: Ball 1-0: Fly out, F9 (Flyball, 9, EV 96.9 MPH)
|
| Top of the 1st over - 0 runs, 0 hits, 0 errors, 1 left on base; Beloit 0 - Quad Cities 0 |
| BOTTOM OF THE 1ST |
|
Quad Cities River Bandits batting - Pitching for Beloit Snappers : LHP Kevin Barteaux
|
|
Pitching: LHP Kevin Barteaux
|
|
|
Batting: RHB Sean Mounts
|
0-0: Foul Ball, location: 2F 0-1: Ball 1-1: Foul Ball, location: 2F 1-2: Foul Ball, location: 2F 1-2: Strikes out swinging
|
|
Batting: RHB Andrew Pride
|
0-0: Ball 1-0: Fly out, F7 (Flyball, 7D, EV 99.4 MPH)
|
|
Batting: RHB Xavier Castaneda
|
0-0: Fly out, F9 (Line Drive, 89M, EV 87.5 MPH)
|
| Bottom of the 1st over - 0 runs, 0 hits, 0 errors, 0 left on base; Beloit 0 - Quad Cities 0 |
| TOP OF THE 2ND |
|
Beloit Snappers batting - Pitching for Quad Cities River Bandits : RHP Ricardo Acosta
|
|
Batting: RHB Walt Alaniz
|
0-0: Swinging Strike 0-1: Ball 1-1: Swinging Strike 1-2: Ball 2-2: Strikes out swinging
|
|
Batting: RHB Chris Temple
|
0-0: Called Strike 0-1: Ball 1-1: Foul Ball, location: 2F 1-2: Ball 2-2: Strikes out swinging
|
|
Batting: RHB Shannon Beck
|
0-0: Called Strike 0-1: Foul Ball, location: 2F 0-2: Ball 1-2: Ball 2-2: Foul Ball, location: 2F 2-2: Ball 3-2: Ground out 5-3 (Groundball, 5S, EV 80.0 MPH)
|
| Top of the 2nd over - 0 runs, 0 hits, 0 errors, 0 left on base; Beloit 0 - Quad Cities 0 |
| BOTTOM OF THE 2ND |
|
Quad Cities River Bandits batting - Pitching for Beloit Snappers : LHP Kevin Barteaux
|
|
Batting: RHB Juan Mendoza
|
0-0: Ground out U3 (Groundball, 3, EV 94.4 MPH)
|
|
Batting: LHB Glenn Lowther
|
0-0: Swinging Strike 0-1: Ball 1-1: Swinging Strike 1-2: Strikes out swinging
|
|
Batting: RHB John Sabean
|
0-0: SINGLE (Groundball, 6MD, EV 103.8 MPH)
|
|
Batting: LHB Jackson Trottier
|
0-0: Called Strike 0-1: Fielders Choice at 2nd, 6-4 (Groundball, 6, EV 88.1 MPH)
|
| Bottom of the 2nd over - 0 runs, 1 hit, 0 errors, 1 left on base; Beloit 0 - Quad Cities 0 |
| TOP OF THE 3RD |
|
Beloit Snappers batting - Pitching for Quad Cities River Bandits : RHP Ricardo Acosta
|
|
Batting: RHB Emiel Schlepers
|
0-0: Foul Ball, location: 2F 0-1: Ball 1-1: Ball 2-1: Foul Ball, location: 2F 2-2: Ground out 5-3 (Groundball, 56S, EV 90.0 MPH)
|
|
Batting: RHB Mike Gangi
|
0-0: Swinging Strike 0-1: Foul Ball, location: 2F 0-2: Ball 1-2: Foul Ball, location: 2F 1-2: Ground out U3 (Groundball, 34, EV 80.0 MPH)
|
|
Batting: RHB Manny Moron
|
0-0: Ball 1-0: Foul Ball, location: 2F 1-1: Ball 2-1: Foul Ball, location: 2F 2-2: Strikes out swinging
|
| Top of the 3rd over - 0 runs, 0 hits, 0 errors, 0 left on base; Beloit 0 - Quad Cities 0 |
| BOTTOM OF THE 3RD |
|
Quad Cities River Bandits batting - Pitching for Beloit Snappers : LHP Kevin Barteaux
|
|
Batting: RHB Jason Monico
|
0-0: Foul Ball, location: 2F 0-1: Ball 1-1: Called Strike 1-2: Strikes out swinging
|
|
Batting: RHB Oren Jones
|
0-0: Ball 1-0: Foul Ball, location: 2F 1-1: Ball 2-1: Ball 3-1: Fly out, F8 (Flyball, 8RD, EV 98.1 MPH)
|
|
Batting: RHB Sean Mounts
|
0-0: Foul Ball, location: 2F 0-1: Ground out 5-3 (Groundball, 56, EV 107.5 MPH)
|
| Bottom of the 3rd over - 0 runs, 0 hits, 0 errors, 0 left on base; Beloit 0 - Quad Cities 0 |
| TOP OF THE 4TH |
|
Beloit Snappers batting - Pitching for Quad Cities River Bandits : RHP Ricardo Acosta
|
|
Batting: RHB Moses Brokken
|
0-0: Ball 1-0: Ball 2-0: Ball 3-0: Called Strike 3-1: Foul Ball, location: 2F 3-2: Strikes out swinging
|
|
Batting: LHB Nate Melendez
|
0-0: Ball 1-0: Called Strike 1-1: Ball 2-1: Ball 3-1: Swinging Strike 3-2: Strikes out looking
|
|
Batting: RHB Rafael Alarcon
|
0-0: Ball 1-0: Foul Ball, location: 2F 1-1: Called Strike 1-2: Ball 2-2: Strikes out swinging
|
| Top of the 4th over - 0 runs, 0 hits, 0 errors, 0 left on base; Beloit 0 - Quad Cities 0 |
| BOTTOM OF THE 4TH |
|
Quad Cities River Bandits batting - Pitching for Beloit Snappers : LHP Kevin Barteaux
|
|
Batting: RHB Andrew Pride
|
0-0: Ball 1-0: Called Strike 1-1: SINGLE (Groundball, 56D, EV 95.6 MPH)
|
|
Batting: RHB Xavier Castaneda
|
0-0: Swinging Strike 0-1: Foul Ball, location: 2F 0-2: Ball 1-2: Strikes out swinging
|
|
Batting: RHB Juan Mendoza
|
0-0: Called Strike 0-1: Foul Ball, location: 2F 0-2: Ball 1-2: Ball 2-2: Foul Ball, location: 2F 2-2: Foul Ball, location: 2F 2-2: Ball 3-2: Foul Ball, location: 2F 3-2: Base on Balls Andrew Pride to second
|
|
Batting: LHB Glenn Lowther
|
0-0: Ball 1-0: Foul Ball, location: 2F 1-1: Ball 2-1: Fly out, F3 (Line Drive, 3L, EV 72.5 MPH)
|
|
Batting: RHB John Sabean
|
0-0: Called Strike 0-1: Ball 1-1: Swinging Strike 1-2: Ball 2-2: Ball 3-2: Foul Ball, location: 2F 3-2: Base on Balls Andrew Pride to third Juan Mendoza to second
|
|
Batting: LHB Jackson Trottier
|
0-0: Ball 1-0: Swinging Strike 1-1: Foul Ball, location: 2F 1-2: Ball 2-2: Ball 3-2: Base on Balls Andrew Pride scores Juan Mendoza to third John Sabean to second
|
|
Batting: RHB Jason Monico
|
0-0: Foul Ball, location: 2F 0-1: Ball 1-1: Called Strike 1-2: Ground out 2-3 (Groundball, 2R, EV 67.5 MPH)
|
| Bottom of the 4th over - 1 run, 1 hit, 0 errors, 3 left on base; Beloit 0 - Quad Cities 1 |
| TOP OF THE 5TH |
|
Beloit Snappers batting - Pitching for Quad Cities River Bandits : RHP Ricardo Acosta
|
|
Batting: RHB Walt Alaniz
|
0-0: Ball 1-0: Ground out 5-3 (Groundball, 15, EV 86.2 MPH)
|
|
Batting: RHB Chris Temple
|
0-0: Foul Ball, location: 2F 0-1: Ball 1-1: Foul Ball, location: 2F 1-2: Ball 2-2: Foul Ball, location: 2F 2-2: Strikes out swinging
|
|
Batting: RHB Shannon Beck
|
0-0: Swinging Strike 0-1: Foul Ball, location: 2F 0-2: Ball 1-2: Ball 2-2: Strikes out swinging
|
| Top of the 5th over - 0 runs, 0 hits, 0 errors, 0 left on base; Beloit 0 - Quad Cities 1 |
| BOTTOM OF THE 5TH |
|
Quad Cities River Bandits batting - Pitching for Beloit Snappers : LHP Kevin Barteaux
|
|
Batting: RHB Oren Jones
|
0-0: Ball 1-0: Swinging Strike 1-1: Called Strike 1-2: Ball 2-2: Ball 3-2: Ground out 4-3 (Groundball, 4, EV 84.4 MPH)
|
|
Batting: RHB Sean Mounts
|
0-0: Swinging Strike 0-1: Ball 1-1: Foul Ball, location: 2F 1-2: Strikes out swinging
|
|
Batting: RHB Andrew Pride
|
0-0: Called Strike 0-1: Ball 1-1: Foul Ball, location: 2F 1-2: Fly out, F8 (Flyball, 8RD, EV 89.4 MPH)
|
| Bottom of the 5th over - 0 runs, 0 hits, 0 errors, 0 left on base; Beloit 0 - Quad Cities 1 |
| TOP OF THE 6TH |
|
Beloit Snappers batting - Pitching for Quad Cities River Bandits : RHP Ricardo Acosta
|
|
Batting: RHB Emiel Schlepers
|
0-0: Ball 1-0: Foul Ball, location: 2F 1-1: Ball 2-1: Ground out 5-3 (Groundball, 56S, EV 88.1 MPH)
|
|
Batting: RHB Mike Gangi
|
0-0: Called Strike 0-1: SINGLE (Groundball, 56, EV 90.6 MPH) (infield hit)
|
|
Batting: RHB Manny Moron
|
0-0: Called Strike Mike Gangi is caught stealing 2nd base 2-4 0-1: Ball 1-1: Ball 2-1: Ball 3-1: Fly out, F9 (Flyball, 9, EV 80.6 MPH)
|
| Top of the 6th over - 0 runs, 1 hit, 0 errors, 0 left on base; Beloit 0 - Quad Cities 1 |
| BOTTOM OF THE 6TH |
|
Quad Cities River Bandits batting - Pitching for Beloit Snappers : LHP Kevin Barteaux
|
|
Batting: RHB Xavier Castaneda
|
0-0: Swinging Strike 0-1: Fly out, F8 (Flyball, 89D, EV 105.0 MPH)
|
|
Batting: RHB Juan Mendoza
|
0-0: Foul Ball, location: 2F 0-1: TRIPLE (Flyball, 89XD, EV 101.9 MPH)
|
|
Batting: LHB Glenn Lowther
|
0-0: Ball 1-0: Foul Ball, location: 2F 1-1: Swinging Strike 1-2: Strikes out looking
|
|
Batting: RHB John Sabean
|
0-0: Ball 1-0: Ball 2-0: Ball 3-0: Called Strike 3-1: Base on Balls
|
|
Batting: LHB Jackson Trottier
|
0-0: Fly out, F3 (Line Drive, 3, EV 62.5 MPH)
|
| Bottom of the 6th over - 0 runs, 1 hit, 0 errors, 2 left on base; Beloit 0 - Quad Cities 1 |
| TOP OF THE 7TH |
|
Beloit Snappers batting - Pitching for Quad Cities River Bandits : RHP Ricardo Acosta
|
|
Pinch Hitting: LHB Roscoe Romaine
|
0-0: Called Strike 0-1: Fly out, F8 (Flyball, 8LXD, EV 94.4 MPH)
|
|
Batting: LHB Nate Melendez
|
0-0: Ball 1-0: Ground out 4-3 (Groundball, 4, EV 87.5 MPH)
|
|
Batting: RHB Rafael Alarcon
|
0-0: Called Strike 0-1: Foul Ball, location: 2F 0-2: Reached on error, E6 (Groundball, 6, EV 78.1 MPH)
|
|
Batting: RHB Walt Alaniz
|
0-0: DOUBLE (Line Drive, 89M, EV 91.2 MPH) Rafael Alarcon to third Runner from 3rd tries for Home, SAFE, throw by CF to trailing runner, OUT at third! 8-3-5
|
| Top of the 7th over - 1 run, 1 hit, 1 error, 0 left on base; Beloit 1 - Quad Cities 1 |
| BOTTOM OF THE 7TH |
|
Quad Cities River Bandits batting - Pitching for Beloit Snappers : LHP Kevin Barteaux
|
|
Now in LF: Marcus Pollard
|
|
|
Now in RF: Walt Alaniz
|
|
|
Batting: RHB Jason Monico
|
0-0: Called Strike 0-1: Ball 1-1: Fly out, F7 (Flyball, 7LD, EV 91.2 MPH)
|
|
Batting: RHB Oren Jones
|
0-0: Called Strike 0-1: Ball 1-1: Swinging Strike 1-2: Strikes out swinging
|
|
Batting: RHB Sean Mounts
|
0-0: DOUBLE (Flyball, 8LXD, EV 94.4 MPH)
|
|
Batting: RHB Andrew Pride
|
0-0: Ball 1-0: Called Strike 1-1: Foul Ball, location: 2F 1-2: Foul Ball, location: 2F 1-2: Foul Ball, location: 2F 1-2: Ball 2-2: Foul Ball, location: 2F 2-2: Strikes out looking
|
| Bottom of the 7th over - 0 runs, 1 hit, 0 errors, 1 left on base; Beloit 1 - Quad Cities 1 |
| TOP OF THE 8TH |
|
Beloit Snappers batting - Pitching for Quad Cities River Bandits : RHP Ricardo Acosta
|
|
Batting: LHB Oscar Curiel
|
0-0: Ball 1-0: Ball 2-0: Called Strike 2-1: Foul Ball, location: 2F 2-2: SINGLE (Groundball, 4M, EV 104.4 MPH) (infield hit)
|
|
Pinch Hitting: LHB Alejandro Muniz
|
0-0: Ball 1-0: Called Strike 1-1: Called Strike 1-2: DOUBLE (Flyball, 78XD, EV 110.0 MPH) Oscar Curiel to third Runner from 3rd tries for Home, SAFE, no throw by LF
|
|
Batting: RHB Emiel Schlepers
|
0-0: Called Strike 0-1: Ball 1-1: Ball 2-1: Ground out 6-3 (Groundball, 6, EV 86.9 MPH)
|
|
Batting: RHB Mike Gangi
|
0-0: Foul Ball, location: 2F 0-1: Ball 1-1: Swinging Strike 1-2: Strikes out swinging
|
|
Pitching: RHP Kevin Zika
|
|
|
Batting: RHB Manny Moron
|
0-0: Ball 1-0: Foul Ball, location: 2F 1-1: Ball 2-1: SINGLE (Groundball, 6S, EV 70.6 MPH) (infield hit) Alejandro Muniz to third
|
|
Batting: LHB Marcus Pollard
|
0-0: Fly out, F7 (Flyball, 7, EV 78.1 MPH)
|
| Top of the 8th over - 1 run, 3 hits, 0 errors, 2 left on base; Beloit 2 - Quad Cities 1 |
| BOTTOM OF THE 8TH |
|
Quad Cities River Bandits batting - Pitching for Beloit Snappers : LHP Kevin Barteaux
|
|
Pitching: RHP Tony Contreras
|
|
|
Now at 1B: Jason Dove
|
|
|
Batting: RHB Xavier Castaneda
|
0-0: Ground out 5-3 (Groundball, 5, EV 89.4 MPH)
|
|
Batting: LHB Aldo Kok
|
0-0: Ball 1-0: SINGLE (Flyball, 8LXD, EV 110.6 MPH)
|
|
Batting: LHB Glenn Lowther
|
0-0: Foul Ball, location: 2F 0-1: Ball 1-1: Foul Ball, location: 2F 1-2: Foul Ball, location: 2F 1-2: SINGLE (Line Drive, 9S, EV 90.6 MPH) Aldo Kok to second
|
|
Batting: RHB John Sabean
|
0-0: Ball 1-0: Fly out, F8 (Flyball, 8LD, EV 96.2 MPH)
|
|
Batting: LHB Jackson Trottier
|
0-0: Ground out 3-1 (Groundball, 34, EV 81.2 MPH)
|
| Bottom of the 8th over - 0 runs, 2 hits, 0 errors, 2 left on base; Beloit 2 - Quad Cities 1 |
| TOP OF THE 9TH |
|
Beloit Snappers batting - Pitching for Quad Cities River Bandits : RHP Kevin Zika
|
|
Pitching: RHP Bill Couch
|
|
|
Batting: LHB Nate Melendez
|
0-0: Called Strike 0-1: Ball 1-1: Ball 2-1: Foul Ball, location: 2F 2-2: Ball 3-2: Base on Balls
|
|
Batting: RHB Rafael Alarcon
|
0-0: Swinging Strike 0-1: Ball 1-1: Called Strike 1-2: Strikes out swinging
|
|
Batting: RHB Walt Alaniz
|
0-0: Called Strike Nate Melendez is caught stealing 2nd base 2-4 0-1: Ball 1-1: Ground out 1-3 (Groundball, P, EV 69.4 MPH)
|
| Top of the 9th over - 0 runs, 0 hits, 0 errors, 0 left on base; Beloit 2 - Quad Cities 1 |
| BOTTOM OF THE 9TH |
|
Quad Cities River Bandits batting - Pitching for Beloit Snappers : RHP Tony Contreras
|
|
Pitching: LHP Cory Yeary
|
|
|
Batting: RHB Jason Monico
|
0-0: Ball 1-0: Ground out 1-3 (Groundball, P, EV 67.5 MPH)
|
|
Pinch Hitting: RHB Masaru Konno
|
0-0: Fly out, F9 (Flyball, 9D, EV 95.0 MPH)
|
|
Batting: RHB Sean Mounts
|
0-0: Swinging Strike 0-1: Foul Ball, location: 2F 0-2: Ball 1-2: Ball 2-2: Strikes out swinging
|
| Bottom of the 9th over - 0 runs, 0 hits, 0 errors, 0 left on base; Beloit 2 - Quad Cities 1 |
|